 Dungeon Crawl Stone Soup version 0.27-a0-1140-g099f9bb0e8 (webtiles) character file.

Game seed: 8035281755645953767

80168 Feb132020 the Stormcaller (level 15, 0/76 HPs)
             Began as a Tengu Venom Mage on May 8, 2021.
             Was a High Priest of Vehumet.
             Killed from afar by a swamp worm (11 damage)
             ... with a harpoon shot
             ... on level 2 of the Swamp on May 10, 2021.
             The game lasted 03:48:01 (36263 turns).

Feb132020 the Stormcaller (Tengu Venom Mage)       Turns: 36263, Time: 03:48:02

Health: 0/76       AC:  9    Str:  5    XL:     15   Next: 66%
Magic:  33/33      EV: 18    Int: 22    God:    Vehumet [*****.]
Gold:   1092       SH:  5    Dex: 26    Spells: 6/41 levels left

rFire    + + .     SeeInvis .   V - +4 rapier "Unkoulim" {vorpal, rCorr Int+2}
rCold    . . .     Faith    .   (no shield)
rNeg     . . .     Spirit   .   p - +1 leather armour {Will+}
rPois    +         Reflect  +   D - +2 hat {Stlth+}
rElec    .         Harm     .   (no cloak)
rCorr    +         Rampage  .   k - +2 pair of gloves {Dex+3}
Will     ++...                  (boots unavailable)
Stlth    +++++.....             j - amulet "Zucwuotz" {Reflect rPois rF++ Str-5 Dex+4 SH+5}
HPRegen  0.22/turn              O - +6 ring of dexterity
MPRegen  0.23/turn              (no ring)

@: flying quickly and evasively, quick
A: beak, talons 3, nimble flight, clumsy 1, MP-powered wands
a: Renounce Religion


You were on level 2 of the Swamp.
You worshipped Vehumet.
Vehumet was extremely pleased with you.
You visited 4 branches of the dungeon, and saw 21 of its levels.
You also visited: Volcano.

You collected 2246 gold pieces.
You spent 1154 gold pieces at shops.

Inventory:

Hand Weapons
 b - a +7 vorpal spear
 f - a +1 dagger of venom
 v - a +1 dagger of draining
 P - the +3 hand crossbow "Raif" {venom, rC+}
   (You bought it in a shop on level 3 of the Dungeon)

   It poisons the ammo it fires.
   It protects you from cold.
 U - the +1 hunting sling "Qaxtuoha" {freeze, Str+5}
   (You bought it in a shop on level 2 of the Orcish Mines)

   It causes projectiles fired from it to freeze those they strike, causing
   extra injury to most foes and up to half again as much damage against
   particularly susceptible opponents.
   They can also slow down cold-blooded creatures.
   It affects your strength (+5).
 V - the +4 rapier "Unkoulim" (weapon) {vorpal, rCorr Int+2}
   (You bought it in a shop on level 2 of the Orcish Mines)

   It inflicts extra damage upon your enemies.
   It affects your intelligence (+2).
   It protects you from acid and corrosion.
Missiles
 s - 3 throwing nets
 J - 7 atropa-tipped darts
 N - 8 curare-tipped darts
 T - 5 boomerangs of dispersal
Armour
 k - a +2 pair of gloves of dexterity (worn)
 o - a +0 troll leather armour
 p - a +1 leather armour of willpower (worn)
 y - a +0 robe
 D - a +2 hat of stealth (worn)
Magical Staves
 a - a staff of air
Jewellery
 j - the amulet "Zucwuotz" (around neck) {Reflect rPois rF++ Str-5 Dex+4 SH+5}
   (You acquired it on level 8 of the Dungeon)

   [amulet of reflection]

   It reflects blocked missile attacks.
   It affects your strength (-5).
   It affects your dexterity (+4).
   It greatly protects you from fire.
   It protects you from poison.
   It affects your SH (+5).
 q - an amulet of reflection
 A - an amulet of the acrobat
 F - an amulet of guardian spirit
 H - a ring of ice
 O - a +6 ring of dexterity (left hand)
 Q - a ring of positive energy
Wands
 g - a wand of mindburst (7)
 w - a wand of iceblast (19)
 B - a wand of charming (13)
 E - a wand of paralysis (40)
Scrolls
 c - a scroll of fear
 e - 2 scrolls of fog
 i - a scroll of magic mapping
 m - 5 scrolls of teleportation
 t - a scroll of brand weapon
 L - a scroll of holy word
 R - 2 scrolls of identify
 S - a scroll of blinking
Potions
 d - a potion of berserk rage
 h - 4 potions of brilliance
 l - 2 potions of heal wounds
 n - 2 potions of haste
 r - a potion of magic
 u - a potion of mutation
 x - 5 potions of might
 z - 2 potions of resistance
 C - 2 potions of lignification
 G - a potion of cancellation
 I - a potion of ambrosia
 K - a potion of invisibility
 M - 3 potions of curing


   Skills:
 + Level 2.7 Fighting
 + Level 3.8 Short Blades
 + Level 2.7 Polearms
 + Level 0.4(1.7) Staves
 + Level 4.7 Armour
 + Level 4.9 Dodging
 + Level 6.1 Stealth
 + Level 1.6 Shields
 + Level 13.8 Spellcasting
 + Level 10.9 Conjurations
 + Level 1.6 Hexes
 - Level 1.0 Transmutations
 + Level 9.5 Fire Magic
 * Level 16.0 Air Magic
 + Level 11.1 Poison Magic


You had 6 spell levels left.
You knew the following spells:

 Your Spells              Type           Power      Damage    Failure   Level
a - Shock                 Conj/Air       100%       1d9       1%          1
b - Poisonous Vapours     Pois/Air       100%       N/A       1%          2
c - Mephitic Cloud        Conj/Pois/Air  63%        N/A       1%          3
d - Magic Dart            Conj           100%       1d8       1%          1
e - Searing Ray           Conj           100%       3d7       1%          2
f - Foxfire               Conj/Fire      100%       2x1d9     1%          1
g - Sting                 Tmut/Pois      100%       1d8       1%          1
h - Airstrike             Air            36%        N/A       1%          4
i - Iskenderun's Mystic   Conj/Tloc      39%        2d9       1%          4
j - Inner Flame           Hex/Fire       39%        N/A       1%          3
k - Fireball              Conj/Fire      28%        3d12      1%          5
o - Olgreb's Toxic Radia  Pois           59%        N/A       1%          4
s - Sticky Flame          Conj/Fire      57%        2d7       1%          4

Your spell library contained the following spells:

 Spells                   Type           Power      Damage    Failure   Level
 Starburst                Conj/Fire      28%        8x6d9     4%          6
 Conjure Flame            Conj/Fire      57%        6-21      1%          3
 Dazzling Flash           Conj/Hex       84%        N/A       1%          3
 Ignite Poison            Fire/Tmut/Pois 47%        N/A       1%          3
 Fulminant Prism          Conj/Hex       21%        3d13      1%          4
 Corona                   Hex            24%        N/A       3%          1
 Slow                     Hex            22%        N/A       4%          2
 Animate Skeleton         Necr           30%        N/A       6%          1
 Apportation              Tloc           30%        N/A       6%          1
 Summon Small Mammal      Summ           60%        N/A       6%          1
 Blink                    Tloc           N/A        N/A       10%         2
 Call Imp                 Summ           15%        N/A       10%         2


Dungeon Overview and Level Annotations

Branches:
Dungeon (11/15)            Temple (0/1) D:4            Lair (6/6) D:10
  Swamp (1/4) Lair:3       Spider (0/4) Lair:2        Slime (0/5) Lair:6
    Orc (2/2) D:11            Elf (0/3) Orc:2       Volcano (visited)

Altars:
Cheibriados
Dithmenos
Fedhas
Gozag
Kikubaaqudgha
Nemelex Xobeh
Uskayaw
Vehumet
Wu Jian
Xom

Shops:
D:3 *   D:7 :   Orc:1 (   Orc:2 :([:*

Annotations:
D:5 exclusion: door


Innate Abilities, Weirdness & Mutations

You have a beak for a mouth.
You have claws for feet.
Your magical nature lets you fly swiftly and evasively.
You are clumsy. (Dex -2)
You expend magic power (3 MP) to strengthen your wands.


Message History

You claw the alligator.
The alligator is severely wounded.
The alligator barely misses you. The alligator tail-slaps you.
You block the alligator's attack. The alligator barely misses you. x2
The alligator closely misses you.
Unknown command.
The alligator puts on a burst of speed!
As you read the scroll of teleportation, it crumbles to dust.
You feel strangely unstable.
The alligator puts on a burst of speed!
The alligator bites you. The alligator barely misses you.
You block the alligator's attack.
The alligator tail-slaps you but does no damage.
The alligator bites you. The alligator barely misses you.
Found a flail.
Your surroundings suddenly seem different.
Found a stone staircase leading down.
A tyrant leech, a spriggan rider and a swamp worm come into view.
The spriggan rider shouts!
The spriggan rider hits you but does no damage.
The spriggan rider hits you with a +0 spear!!
The spriggan rider completely misses you.
The spriggan rider closely misses you. The spriggan rider closely misses you.
The swamp worm fires a harpoon shot at you.
The harpoon shot hits you!
You are yanked forward by the harpoon shot.
The spriggan rider hits you with a +0 spear!!
* * * LOW HITPOINT WARNING * * *
The swamp worm fires a harpoon shot at you.
The harpoon shot misses you.
The spriggan rider hits you from afar with a +0 spear.
* * * LOW HITPOINT WARNING * * *
Found 29 bolts and 15 gold pieces.
Found a stone staircase leading up.
A fenstrider witch comes into view.
The fenstrider witch shouts!
The fenstrider witch gestures at you while chanting.
You easily resist.
The swamp worm fires a harpoon shot at you.
The harpoon shot hits you!
You die...

≈..≈≈...##.#
♣♣≈^.......#
♣§...≈.....# .≈
≈≈.♣♣..........# ≈.≈
...≈≈≈.≈....§..#####≈≈≈≈
....≈≈.≈≈.............≈≈
♣...≈≈≈≈≈≈.♣♣wi....≈H..≈
≈≈..≈..≈≈≈≈.♣♣..(♣.≈≈.!.
♣ ♣♣§.≈≈≈≈≈♣♣♣.@..≈...≈
♣♣..≈≈≈.♣♣♣.....§♣≈(
♣≈.≈≈≈≈≈♣♣♣≈≈....♣ ♣
♣♣≈.≈≈..♣ ♣≈...≈♣§≈ ♣♣
♣≈§≈.§≈≈.♣ ..≈≈..♣ .
.♣♣♣.≈≈≈≈≈§≈..§..≈...§≈
≈.≈♣♣......≈≈≈..≈≈≈...♣♣
≈≈≈....≈≈≈.≈≈≈..≈≈≈....
.≈≈≈≈≈.≈≈..≈.....≈


You could see a fenstrider witch, a spriggan rider and a swamp worm.

Vanquished Creatures
  Rupert (Lair:4)
  Donald (Orc:2)
  Snorg (Lair:5)
  A fire dragon (Lair:6)
  6 hydras
  Harold (D:9)
  2 ogre magi
  13 two-headed ogres
  9 death yaks
  3 orc high priests (Orc:2)
  Sonja (Lair:3)
  A goliath frog (Lair:3)
  A swamp dragon (Lair:6)
  3 orc knights (Orc:2)
  7 orc sorcerers
  3 oklob plants (Lair:6)
  2 cyclopes
  The ghost of Veteran the Ruffian, a novice TrBe of Trog (D:5)
  10 elephants
  6 black mambas
  A molten gargoyle (Volcano)
  2 gargoyles
  2 rime drakes
  17 cane toads
  11 komodo dragons
  9 trolls
  4 jumping spiders (Lair:2)
  2 polar bears
  A hornet (Lair:3)
  11 blink frogs
  3 redbacks (Lair:2)
  72 yaks
  2 wyverns
  A spriggan (Lair:3)
  2 fire elementals (Volcano)
  4 basilisks
  2 steam dragons (Lair:6)
  3 wargs
  5 swamp worms (Lair:3)
  2 acid dragons
  14 water moccasins
  4 swamp drakes
  2 ice beasts
  29 orc warriors
  2 sky beasts (D:5)
  A necrophage (D:5)
  4 black bears
  25 ogres
  13 wolves
  A phantom (D:5)
  3 centaurs
  A kobold brigand (D:6)
  7 bullfrogs
  A jelly (D:6)
  2 scorpions
  A water moccasin zombie (D:6)
  A water moccasin skeleton (D:6)
  8 killer bees
  2 electric eels
  7 wights
  8 howler monkeys
  A crimson imp (D:4)
  4 centaur zombies
  A bullfrog skeleton (D:7)
  19 orc priests
  2 centaur skeletons
  A gnoll shaman (D:5)
  3 hounds
  2 iguanas
  Natasha (thrice) (D:3)
  17 orc wizards
  A hell rat (Lair:4)
  2 killer bee zombies
  2 howler monkey zombies (D:9)
  4 gnolls (D:5)
  7 adders
  2 howler monkey skeletons
  6 white imps
  An ufetubus (D:3)
  3 worms (D:3)
  3 dart slugs
  62 orcs
  7 endoplasms
  3 giant cockroaches
  5 goblins
  7 hobgoblins
  8 jackals
  15 kobolds
  7 quokkas
  11 ball pythons
  3 bats (D:1)
  2 frilled lizards (D:1)
  4 rats
  2 butterflies
585 creatures vanquished.

Vanquished Creatures (collateral kills)
  3 foxfires
3 creatures vanquished.

Vanquished Creatures (others)
  382 foxfires
  59 fungi
  62 plants
503 creatures vanquished.

Grand Total: 1091 creatures vanquished

Notes
Turn   | Place    | Note
-------+----------+-------------------------------------------
     0 | D:1      | Feb132020 the Tengu Venom Mage began the quest for the Orb.
     0 | D:1      | Reached XP level 1. HP: 10/10 MP: 4/4
   261 | D:1      | Reached XP level 2. HP: 8/15 MP: 1/6
   264 | D:1      | Learned a level 2 spell: Poisonous Vapours
   603 | D:1      | Reached skill level 1 in Transmutations
   709 | D:1      | Reached skill level 1 in Air Magic
   827 | D:1      | Reached XP level 3. HP: 19/19 MP: 4/7
   831 | D:1      | Learned a level 3 spell: Mephitic Cloud
  2250 | D:2      | Found a faded altar of an unknown god.
  2308 | D:2      | Reached skill level 2 in Air Magic
  2554 | D:3      | Reached XP level 4. HP: 24/24 MP: 5/8
  2663 | D:3      | Learned a level 1 spell: Magic Dart
  2730 | D:3      | Reached skill level 1 in Conjurations
  3035 | D:3      | Reached skill level 3 in Air Magic
  3035 | D:3      | Gained mutation: Your magical nature lets you fly swiftly
                  | and evasively. [Tengu growth]
  3035 | D:3      | Reached XP level 5. HP: 10/28 MP: 2/10
  3399 | D:3      | Found Zeubod's Assorted Antiques.
  3573 | D:3      | Noticed Natasha
  3578 | D:3      | Killed Natasha
  3833 | D:3      | Found an ornate altar of the Wu Jian Council.
  4232 | D:3      | Noticed Natasha
  4238 | D:3      | Killed Natasha
  4239 | D:3      | Reached XP level 6. HP: 28/33 MP: 2/11
  4490 | D:4      | Found a shimmering altar of Xom.
  4712 | D:5      | Entered Level 5 of the Dungeon
  4737 | D:5      | Reached skill level 1 in Short Blades
  4737 | D:5      | Reached skill level 4 in Air Magic
  4774 | D:5      | Reached XP level 7. HP: 37/37 MP: 2/13
  5002 | D:5      | Found a runed translucent gate.
  5002 | D:5      | Found a runed translucent gate.
  5002 | D:5      | Found a runed translucent gate.
  5007 | D:5      | Noticed Veteran's ghost (novice TrBe)
  5646 | D:6      | Reached skill level 5 in Air Magic
  6159 | D:3      | Noticed Natasha
  6212 | D:3      | Killed Natasha
  6852 | D:4      | Found a radiant altar of Vehumet.
  7025 | D:4      | Became a worshipper of Vehumet
  7972 | D:5      | Reached XP level 8. HP: 39/42 MP: 8/14
  8115 | D:5      | Found an opulent altar of Gozag.
  8501 | D:5      | Reached skill level 1 in Fighting
  8548 | D:5      | Reached skill level 5 in Poison Magic
  8842 | D:5      | Reached skill level 6 in Air Magic
  8913 | D:5      | Reached skill level 5 in Conjurations
  9618 | D:7      | Noticed a troll
  9643 | D:6      | Reached XP level 9. HP: 12/48 MP: 12/17
 10307 | D:6      | Reached skill level 5 in Spellcasting
 10648 | D:6      | Learned a level 4 spell: Olgreb's Toxic Radiance
 10679 | D:6      | Reached * piety under Vehumet
 10679 | D:6      | Offered knowledge of Shock by Vehumet.
 10682 | D:6      | Learned a level 1 spell: Shock
 10759 | D:6      | Reached skill level 7 in Air Magic
 11266 | D:4      | Found a staircase to the Ecumenical Temple.
 11613 | D:3      | Bought a glowing hat for 196 gold pieces
 11957 | D:7      | Found a shadowy altar of Dithmenos.
 11963 | D:7      | Found a sparkling altar of Nemelex Xobeh.
 11967 | D:7      | Found a hide-covered altar of Uskayaw.
 12182 | D:7      | Killed a troll
 12576 | D:7      | Found Fotydghorch's Book Shoppe.
 12715 | D:8      | Identified a scroll of acquirement
 12715 | D:8      | Acquired the amulet "Zucwuotz" {Reflect rPois rF++ Str-5
                  | Dex+4 SH+5}
 12798 | D:8      | Reached skill level 8 in Air Magic
 12868 | D:8      | Reached skill level 1 in Shields
 12967 | D:8      | Reached XP level 10. HP: 50/53 MP: 15/20
 13028 | D:8      | Reached skill level 1 in Armour
 13605 | D:8      | Upgraded the game from 0.27-a0-1139-g28e009f8a6 to
                  | 0.27-a0-1140-g099f9bb0e8
 13660 | D:9      | Found an ancient bone altar of Kikubaaqudgha.
 13776 | D:9      | Learned a level 1 spell: Foxfire
 14154 | D:9      | Noticed Harold
 14339 | D:9      | Found a snail-covered altar of Cheibriados.
 14530 | D:9      | Reached ** piety under Vehumet
 14530 | D:9      | Offered knowledge of Static Discharge by Vehumet.
 14876 | D:3      | Bought an iridescent hand axe for 224 gold pieces
 14876 | D:3      | Identified the +9 hand axe "Spiderbane" {vorpal, Drain
                  | +Rage Fly rElec} (You bought it in a shop on level 3 of the
                  | Dungeon)
 15029 | D:9      | Reached skill level 1 in Fire Magic
 15522 | D:10     | Entered Level 10 of the Dungeon
 15522 | D:10     | Noticed a two-headed ogre
 15555 | D:10     | Noticed a gargoyle
 15555 | D:10     | Noticed an elephant
 15597 | D:10     | Killed a two-headed ogre
 15598 | D:10     | Reached skill level 9 in Air Magic
 15693 | D:10     | Found a blossoming altar of Fedhas.
 15698 | D:10     | Noticed a two-headed ogre
 15714 | D:10     | Killed a two-headed ogre
 16019 | D:9      | Killed Harold
 16020 | D:9      | Reached XP level 11. HP: 45/57 MP: 3/23
 16358 | D:9      | Offered knowledge of Searing Ray by Vehumet.
 16362 | D:9      | Learned a level 2 spell: Searing Ray
 16811 | D:10     | Found a staircase to the Lair.
 17719 | D:10     | Reached skill level 5 in Fire Magic
 17744 | D:10     | Reached skill level 1 in Polearms
 17851 | D:10     | Reached *** piety under Vehumet
 17986 | D:10     | Noticed a two-headed ogre
 18008 | D:10     | Killed a two-headed ogre
 18233 | D:10     | Noticed a two-headed ogre
 18259 | D:10     | Killed a two-headed ogre
 18484 | D:10     | Noticed a two-headed ogre
 18486 | D:10     | Noticed a two-headed ogre
 18510 | D:10     | Killed a two-headed ogre
 18570 | D:10     | Noticed an ogre mage
 18577 | D:10     | Killed an ogre mage
 18578 | D:10     | Reached skill level 10 in Air Magic
 18615 | D:10     | Noticed a two-headed ogre
 18709 | D:10     | Killed a two-headed ogre
 18899 | D:10     | Killed a two-headed ogre
 19013 | D:10     | Noticed a two-headed ogre
 19069 | D:10     | Killed a two-headed ogre
 19070 | D:10     | Reached XP level 12. HP: 61/62 MP: 17/25
 19272 | Lair:1   | Entered Level 1 of the Lair of Beasts
 19374 | D:10     | Learned a level 4 spell: Sticky Flame
 19375 | D:10     | Gained mutation: You have a pair of small antennae on your
                  | head. [potion of mutation]
 19375 | D:10     | Gained mutation: Armour fits poorly on your strangely
                  | shaped body. [potion of mutation]
 19455 | D:10     | Reached skill level 5 in Stealth
 19563 | Lair:1   | Offered knowledge of Airstrike by Vehumet.
 19569 | Lair:1   | Learned a level 4 spell: Airstrike
 19996 | Lair:1   | Noticed a six-headed hydra
 20002 | Lair:1   | Killed a six-headed hydra
 20385 | Lair:1   | Reached skill level 11 in Air Magic
 21014 | Lair:2   | Reached **** piety under Vehumet
 21024 | Lair:2   | Found a dark tunnel.
 21052 | Volcano  | Entered a volcano
 21457 | Lair:2   | Reached skill level 10 in Spellcasting
 21865 | Lair:2   | Offered knowledge of Iskenderun's Mystic Blast by Vehumet.
 21871 | Lair:2   | Learned a level 4 spell: Iskenderun's Mystic Blast
 21927 | Lair:2   | Found a hole to the Spider Nest.
 22031 | Lair:2   | Reached XP level 13. HP: 39/68 MP: 22/28
 22807 | Lair:3   | Noticed Sonja
 23008 | Lair:3   | Reached skill level 10 in Conjurations
 23115 | Lair:3   | Killed Sonja
 23970 | Lair:3   | Reached skill level 12 in Air Magic
 24123 | Lair:3   | Found a staircase to the Swamp.
 25034 | Lair:4   | Reached ***** piety under Vehumet
 25035 | Lair:4   | Reached skill level 13 in Air Magic
 25352 | Lair:4   | Offered knowledge of Lightning Bolt by Vehumet.
 25723 | Lair:4   | Learned a level 3 spell: Inner Flame
 25842 | Lair:4   | Noticed Rupert
 25863 | Lair:4   | Killed Rupert
 25864 | Lair:4   | Reached skill level 10 in Poison Magic
 25864 | Lair:4   | Reached XP level 14. HP: 72/72 MP: 1/30
 26444 | Lair:5   | Noticed Snorg
 26468 | Lair:5   | Killed Snorg
 27427 | Lair:5   | Learned a level 5 spell: Fireball
 28003 | Lair:6   | Entered Level 6 of the Lair of Beasts
 28279 | Lair:6   | Reached skill level 1 in Hexes
 28541 | Lair:6   | Reached skill level 14 in Air Magic
 29381 | Lair:6   | Offered knowledge of Conjure Ball Lightning by Vehumet.
 29958 | Lair:6   | Found a staircase to the Slime Pits.
 30779 | D:5      | Killed Veteran's ghost
 30834 | D:3      | Bought a crystal hand crossbow for 238 gold pieces
 30834 | D:3      | Identified the +3 hand crossbow "Raif" {venom, rC+} (You
                  | bought it in a shop on level 3 of the Dungeon)
 31205 | D:11     | Found a staircase to the Orcish Mines.
 31503 | D:11     | Reached XP level 15. HP: 76/76 MP: 26/33
 32150 | D:11     | Reached skill level 15 in Air Magic
 32349 | Orc:1    | Entered Level 1 of the Orcish Mines
 32383 | Orc:1    | Found Kuongib's Antique Weapon Boutique.
 32661 | Orc:2    | Entered Level 2 of the Orcish Mines
 32661 | Orc:2    | Found a staircase to the Elven Halls.
 33179 | Orc:2    | Offered knowledge of Starburst by Vehumet.
 33242 | Orc:2    | Found Aselal's General Store.
 34154 | Orc:2    | Found Jiazy's Book Shop.
 34711 | Orc:2    | Noticed Donald
 34832 | Orc:2    | Killed Donald
 35039 | Orc:2    | Found Hefeihytt's Antique Armour Emporium.
 35217 | Orc:2    | Found Poreicis's Antique Weapon Emporium.
 35225 | Orc:2    | Bought a shimmering hunting sling for 208 gold pieces
 35225 | Orc:2    | Identified the +1 hunting sling "Qaxtuoha" {freeze, Str+5}
                  | (You bought it in a shop on level 2 of the Orcish Mines)
 35225 | Orc:2    | Bought a transparent rapier for 288 gold pieces
 35225 | Orc:2    | Identified the +4 rapier "Unkoulim" {vorpal, rCorr Int+2}
                  | (You bought it in a shop on level 2 of the Orcish Mines)
 35561 | Orc:2    | Found Ummupn's Book Boutique.
 35819 | Orc:2    | Lost mutation: Armour fits poorly on your strangely shaped
                  | body. [potion of mutation]
 35819 | Orc:2    | Lost mutation: You have a pair of small antennae on your
                  | head. [potion of mutation]
 35819 | Orc:2    | Gained mutation: You are clumsy. (Dex -2) [potion of
                  | mutation]
 35819 | Orc:2    | Gained mutation: You expend magic power (3 MP) to
                  | strengthen your wands. [potion of mutation]
 36024 | Swamp:1  | Entered Level 1 of the Swamp
 36028 | Swamp:1  | Reached skill level 16 in Air Magic
 36240 | Swamp:1  | You are sucked into a shaft and drop 1 floor!
 36261 | Swamp:2  | Noticed a fenstrider witch
 36263 | Swamp:2  | Killed from afar by a swamp worm

Illustrated notes

Levels and vault maps discovered:
D:1:      evilmike_arrival_rings, layout_basic
D:2:      layout_rooms, hellmonk_ecumenical_altar_leap_of_faith,
          serial_park_tiny_2, roderic_serpentine_path,
          minmay_misc_feat_nine_boxes, corexii_hall_statues_i,
          serial_park_tiny_2
D:3:      layout_basic, lemuel_tele_altar, serial_shops, shop,
          serial_co_window_serial, co_window_of_opportunity_a,
          co_window_paths_a, co_window_corner_a, co_window_of_opportunity_a,
          co_window_corner_a, co_window_cross_2, co_window_unsneaky_path_c,
          co_window_paths_c, glass_columns_a, glass_columns_a, glass_columns_a,
          glass_columns_a, glass_columns_c, minmay_starry_boxes, uniq_natasha
D:4:      layout_basic, lemuel_crystal_altar, lemuel_round_altar, temple_green,
          minmay_fire_ice_demons
D:5:      minmay_octagon_keep, layout_basic, grunt_gozag_statues,
          gammafunk_ghost_split, solitary_fountain, bh_walls_and_bars
D:6:      layout_gridville, serial_bayou_crossing
D:7:      layout_basic, grunt_temple_overflow_diamond, serial_shops, shop
D:8:      layout_basic, serial_rivers, chequers_serial_rivers_marsh,
          chequers_serial_rivers_micro_e, chequers_serial_rivers_large_a,
          chequers_serial_rivers_micro_e, chequers_serial_rivers_small_b,
          chequers_serial_rivers_small_b
D:9:      layout_layer_cave, kennysheep_little_box, kennysheep_slug_shrine,
          grunt_decor_one_mirror, minmay_puff, uniq_harold
D:10:     lemuel_ogre_cave, layout_stronghold, kennysheep_mini_moat,
          david_lair_generic
D:11:     layout_loops_cross, david_orc_1_choice, chequers_serial_rivers_room_b
Lair:1:   layout_hall_layers
Lair:2:   layout_loops_ring, nicolae_spider_entry_tight_spaces,
          nicolae_volcano_entry_s_turn
Lair:3:   layout_regular_city, palyth_hydra_swamp_entry, minmay_holes,
          serial_bayou_shore_b, lemuel_fruit_fields, uniq_sonja
Lair:4:   layout_cave_pods, st_stairs_12, fungi_pond_lemuel,
          grunt_forest_small_clearing_treed, uniq_rupert
Lair:5:   statuecave_lemuel, layout_cave_pods, uniq_snorg
Lair:6:   guppyfry_lair_end_dragon, layout_gridlike,
          minmay_slime_entry_oklob_enclosed
Swamp:1:  layout_basic_swamp, wheals_swamp_sinkhole, nicolae_swamp_small_spring,
          infiniplex_staircase_pool
Swamp:2:  layout_basic_swamp, serial_swamp_ruin, evilmike_swamp_ruin_house_6,
          hangedman_swamp_ruin_wall
Orc:1:    layout_caves, serial_shops, nicolae_shop_crystal
Orc:2:    grunt_orc_gardens, layout_diamond_mine, grunt_orc_garden,
          grunt_orc_garden, grunt_orc_garden, grunt_orc_garden, serial_shops,
          shop, uniq_donald

Skill      XL: |  1  2  3  4  5  6  7  8  9 10 11 12 13 14 15 |
---------------+----------------------------------------------+-----
Transmutations | 1 |  1.0
Air Magic      | 1 2 3 4 5 6 8 9 10 11 13 14 16 | 16.0
Conjurations   | 1 2 3 4 5 6 8 9 10 | 10.9
Poison Magic   | 4 5 6 7 8 9 10 11 | 11.1
Spellcasting   | 3 4 6 7 8 10 11 13 | 13.8
Short Blades   | 1 2 3 |  3.8
Stealth        | 3 4 5 6 |  6.1
Fighting       | 1 2 |  2.7
Dodging        | 3 4 |  4.9
Shields        | 1 |  1.6
Armour         | 3 4 |  4.7
Fire Magic     | 3 6 8 9 |  9.5
Polearms       | 1 2 |  2.7
Hexes          | 1 |  1.6
Staves         | |  0.4

Action                   |  1- 3 |  4- 6 |  7- 9 | 10-12 | 13-15 || total
-------------------------+-------+-------+-------+-------+-------++-------
Melee: Unarmed           |     7 |       |       |       |       ||     7
       Kick              |     2 |    14 |    50 |    18 |    39 ||   123
       Dagger            |    14 |    43 |   161 |    10 |    22 ||   250
       Peck              |     1 |     8 |    28 |    13 |    23 ||    73
       Spear             |       |       |     1 |    58 |   108 ||   167
       Staff             |       |       |     1 |     2 |     1 ||     4
       Rapier            |       |       |       |       |     3 ||     3
 Cast: Sting             |    49 |    15 |    28 |       |       ||    92
       Poisonous Vapours |    25 |    34 |    79 |    51 |    20 ||   209
       Mephitic Cloud    |       |     1 |     1 |    26 |    12 ||    40
       Magic Dart        |       |       |    40 |       |       ||    40
       Shock             |       |       |    46 |   140 |   114 ||   300
       Olgreb's Toxic Ra |       |       |     3 |    52 |   122 ||   177
       Foxfire           |       |       |       |   148 |    71 ||   219
       Airstrike         |       |       |       |    30 |   166 ||   196
       Sticky Flame      |       |       |       |    11 |    61 ||    72
       Inner Flame       |       |       |       |       |    18 ||    18
       Searing Ray       |       |       |       |       |     2 ||     2
       Fireball          |       |       |       |       |    32 ||    32
  Use: Scroll            |       |       |    15 |     5 |     9 ||    29
       Potion            |       |       |       |     5 |     4 ||     9
 Stab: Sleeping          |       |     7 |     5 |     3 |    13 ||    28
       Distracted        |       |       |     1 |     1 |     1 ||     3
       Confused          |       |       |       |     9 |     6 ||    15
Armor: Robe              |     7 |     3 |    12 |       |       ||    22
       Troll leather arm |       |       |     2 |     3 |       ||     5
       Leather armour    |       |       |       |    14 |    36 ||    50
Dodge: Dodged            |    27 |    16 |   136 |    87 |   175 ||   441
Block: Other             |       |       |     4 |    31 |    47 ||    82
       Reflection        |       |       |       |     4 |     4 ||     8

Table legend: (Time is in decaauts)
 A = Elapsed time spent in this place.
 B = Non-inter-level travel time spent in this place.
 C = Inter-level travel time spent in this place.
 D = Time resting spent in this place.
 E = Time spent auto-exploring this place.
 F = Levels seen in this place.
 G = Mean time per level.
                   A        B        C        D        E       F      G
               +--------+--------+--------+--------+--------+-----+--------+
         Total |  34551 |  32644 |   1907 |   1413 |  25812 |  22 | 1570.5 |
       Dungeon |  20313 |  18837 |   1476 |    719 |  15171 |  11 | 1846.6 |
          Lair |  10601 |  10211 |    390 |    364 |   8208 |   6 | 1766.8 |
         Swamp |     32 |     32 |      0 |      0 |      4 |   2 |   16.0 |
  Orcish Mines |   3332 |   3291 |     41 |    277 |   2377 |   2 | 1666.0 |
       Volcano |    272 |    272 |      0 |     53 |     51 |   1 |  272.0 |
               +--------+--------+--------+--------+--------+-----+--------+

Top non-repeatable levels by time:
    D:10: 3417 daAuts
     D:5: 2955 daAuts
   Orc:2: 2539 daAuts
  Lair:6: 2504 daAuts
     D:3: 2255 daAuts
     D:9: 2082 daAuts
     D:6: 2075 daAuts
  Lair:4: 1900 daAuts
  Lair:3: 1789 daAuts
     D:1: 1685 daAuts
     D:4: 1675 daAuts
  Lair:5: 1664 daAuts
  Lair:1: 1391 daAuts
  Lair:2: 1350 daAuts
    D:11: 1326 daAuts
